 Dungeon Crawl Stone Soup version 0.29.0-4-gdea44cf6ec (webtiles) character file.

Game seed: 14569572824165101201

31 qw the Sneak (level 3, -2/23 HPs)
             Began as a Gargoyle Delver on Sept 10, 2022.
             Slain by an ogre
             ... wielding a +0 giant club
              (25 damage)
             ... on level 5 of the Dungeon.
             The game lasted 00:00:05 (538 turns).

qw the Sneak (Gargoyle Delver)                       Turns: 538, Time: 00:00:06

Health: -2/23      AC:  6    Str: 17    XL:     3   Next: 22%
Magic:  3/3        EV: 11    Int: 10    God:
Gold:   0          SH:  0    Dex: 11    Spells: 2/2 levels left

rFire   . . .      SeeInvis .   Y - +0 hand axe
rCold   . . .      Faith    .   (no shield)
rNeg    + . .      Spirit   .   b - +0 leather armour
rPois   inf        Reflect  .   (no helmet)
rElec   +          Harm     .   (no cloak)
rCorr   .          Rampage  .   (no gloves)
Will    .....                   (no boots)
Stlth   +++.......              (no amulet)
HPRegen 0.07/turn               (no ring)
MPRegen 0.08/turn               (no ring)

@: no status effects
A: sickness immunity, AC +3, negative energy resistance 1, electricity
resistance, torment resistance 1, petrification resistance
a: no special abilities


You were on level 5 of the Dungeon.
You visited 2 branches of the dungeon, and saw 2 of its levels.


Innate Abilities, Weirdness & Mutations

You are immune to sickness and miasma.
Your stone body is resilient. (AC +3)
You are immune to poison.
You resist negative energy. (rN+)
You are resistant to electric shocks. (rElec)
You are resistant to unholy torment.
You are immune to petrification.


   Skills:
 - Level 3.2 Fighting
 + Level 3.2 Axes
 - Level 1.5 Dodging
 - Level 5.4 Stealth


You had 2 spell levels left.
You didn't know any spells.
Your spell library was empty.

Inventory:

Hand Weapons
 Y - a +0 hand axe (weapon)
Armour
 b - a +0 leather armour (worn)
Wands
 g - a wand of digging (3)
Scrolls
 a - a scroll of vulnerability {unknown}
Potions
 f - a potion of haste
 i - a potion of heal wounds {unknown}

Dungeon Overview and Level Annotations

Branches:
Dungeon (5/15)             Temple (1/1) D:5

Altars:
Cheibriados
Elyvilon
Fedhas
Gozag
Makhleb
Nemelex Xobeh
Qazlal
Ru
Trog
Uskayaw
Vehumet
Wu Jian
Yredelemnul
Zin


Message History

Found a blossoming altar of Fedhas and a basalt altar of Yredelemnul.
Found a hide-covered altar of Uskayaw.
Found a snail-covered altar of Cheibriados.
Found an ornate altar of the Wu Jian Council.
There is a basalt altar of Yredelemnul here.
There is an ornate altar of the Wu Jian Council here.
There is a sacrificial altar of Ru here.
There is a sparkling altar of Nemelex Xobeh here.
There is a sacrificial altar of Ru here.
Partly explored, can't reach some places.
Enter note:
Enter note:
Enter note:
490 ||| PLANNING D:1-11 Partly explored, can't reach some places.
(D) Dungeon (T) Temple
Where to? (* - list waypoints, Enter - Temple, ? - help)
What level of the Dungeon? (default 5, ? - help)
There is a staircase back to the Dungeon here.
You climb upwards.
There is a staircase to the Ecumenical Temple here.
a - a scroll labelled LYPURE RORO An ogre comes into view.
It is wielding a +0 giant club.
Found a long sword.
Enter note: The ogre shouts!
A steam dragon comes into view.
534 ||| Stepping ~*~*~tactically~*~*~ (stealth).
Found 8 stones.
An adder comes into view.
535 ||| Stepping ~*~*~tactically~*~*~ (stealth).
Found a scroll labelled HOCROB ULINEA.
An orc comes into view. It is wielding a +0 short sword.
A scorpion comes into view.
537 ||| Stepping ~*~*~tactically~*~*~ (stealth).
You hit the ogre.
The ogre is lightly wounded.
The ogre hits you with a +0 giant club!!
Ouch! That really hurt!
You die...

.#.. ?..#.. . ((... #D.
)..# .s. ... .. ###o#
###.###...
#.....#........
#.8.8.#@...#
...8.!O..###
#.8.8.#..###
#.....#....###
###.###......##
.............##########
########................
#.......##..#..8.
#......##..##....


You could see an ogre.

Vanquished Creatures
  A jelly (D:5)
1 creature vanquished.

Notes
Turn   | Place    | Note
-------+----------+-------------------------------------------
     0 | D:5      | qw the Gargoyle Delver began the quest for the Orb.
     0 | D:5      | Reached XP level 1. HP: 14/14 MP: 1/1
     0 | D:5      | 0 ||| qw: Version: 0.1-a-116-g5d60599
     0 | D:5      | 0 ||| qw: Game counter: 9047
     0 | D:5      | 0 ||| qw: Always use a shield: true
     0 | D:5      | 0 ||| qw: God list: Okawaru
     0 | D:5      | 0 ||| qw: Allow faded altars: false
     0 | D:5      | 0 ||| qw: Do Orc after D:15 true
     0 | D:5      | 0 ||| qw: Do second Lair branch before Depths: true
     0 | D:5      | 0 ||| qw: Lair rune preference: random
     0 | D:5      | 0 ||| qw: Plans: Normal
     0 | D:5      | 0 ||| PLANNING D:1-11
    40 | D:5      | Noticed a jelly
    53 | D:5      | Killed a jelly
    54 | D:5      | Reached skill level 3 in Axes
    54 | D:5      | Reached XP level 2. HP: 8/19 MP: 2/2
    54 | D:5      | Reached XP level 3. HP: 10/23 MP: 3/3
   275 | D:5      | Found a staircase to the Ecumenical Temple.
   276 | D:5      | 276 ||| PLANNING TEMPLE
   276 | D:5      | 276 ||| READING scroll labelled AGROKESOSA.
   277 | D:5      | 277 ||| READING scroll labelled AMMUWKINACK.
   278 | D:5      | 278 ||| DROPPING scroll of fog.
   279 | D:5      | 279 ||| DROPPING scroll of magic mapping.
   280 | D:5      | 280 ||| DROPPING scroll of fear.
   286 | Temple   | Entered the Ecumenical Temple
   490 | Temple   | 490 ||| PLANNING D:1-11
   532 | D:5      | Noticed an ogre
   533 | D:5      | Noticed a steam dragon
   534 | D:5      | 534 ||| Stepping ~*~*~tactically~*~*~ (stealth).
   535 | D:5      | 535 ||| Stepping ~*~*~tactically~*~*~ (stealth).
   536 | D:5      | Noticed a scorpion
   537 | D:5      | 537 ||| Stepping ~*~*~tactically~*~*~ (stealth).
   538 | D:5      | Slain by an ogre

Levels and vault maps discovered:
D:5:      layout_cave_pods, minmay_temple_entry_waves, grunt_ministairs_5,
          minivault_4, minmay_hedge_maze, minmay_chambers_of_fives
Temple:   eino_temple_water

Skill      XL: |  1 |
---------------+----+-----
Axes           | 3 |  3.2
Fighting       | |  3.2
Dodging        | |  1.5
Stealth        | |  5.4

Action                   || total
-------------------------++-------
Melee: Hand axe          ||     8
  Use: Scroll            ||     2
Armor: Leather armour    ||     3
Dodge: Dodged            ||     4

Table legend:
 A = Non-vault XP
 B = Vault XP
 C = Vault XP percentage of total XP
 D = Non-vault monster count
 E = Vault monster count
 F = Vault count percentage of total count
                 A         B        C        D         E       F
            +---------+---------+-------+---------+---------+-------
      Total |      45 |       0 |   0.0 |       1 |       0 |   0.0
            +---------+---------+-------+---------+---------+-------
        D:5 |      45 |       0 |   0.0 |       1 |       0 |   0.0
            +---------+---------+-------+---------+---------+-------
